 Dungeon Crawl Stone Soup version 0.19.0-19-g8c6edcc (webtiles) character file.

181 Monsterracer the Chopper (level 5, -1/41 HPs)
             Began as a Hill Orc Monk on Nov 13, 2016.
             Was a Believer of Okawaru.
             Slain by an ogre
             ... wielding a +0 giant club
              (23 damage)
             ... on level 4 of the Dungeon.
             The game lasted 00:08:31 (3456 turns).

Monsterracer the Chopper (Hill Orc Monk)            Turns: 3456, Time: 00:08:32

Health: -1/41      AC:  6    Str: 14    XL:     5   Next: 61%
Magic:  8/15       EV:  9    Int: 10    God:    Okawaru [**....]
Gold:   164        SH:  0    Dex: 14    Spells: 0 memorised, 4 levels left

rFire  . . .     SeeInvis +     l - +0 war axe
rCold  . . .     Gourm    .     h - +0 chain mail
rNeg   . . .     Faith    .     (no shield)
rPois  .         Spirit   .     (no helmet)
rElec  .         Reflect  .     (no cloak)
rCorr  +         Harm     .     (no gloves)
MR     .....                    (no boots)
Stlth  ..........               p - amulet of regeneration
                                m - ring of magical power
                                k - ring of resist corrosion

@: heroism, very slightly contaminated
A: see invisible, deformed body, frail 1
a: Heroism, Renounce Religion


You were on level 4 of the Dungeon.
You worshipped Okawaru.
Okawaru was pleased with you.
You were hungry.

You visited 1 branch of the dungeon, and saw 4 of its levels.

You collected 164 gold pieces.

Inventory:

Hand Weapons
 l - a +0 war axe (weapon)
Armour
 h - a +0 chain mail (worn)
Jewellery
 k - a ring of resist corrosion (left hand)
 m - a ring of magical power (right hand)
 p - an amulet of regeneration (around neck)
Scrolls
 d - 2 scrolls of blinking
 e - 2 scrolls of amnesia {unknown}
 i - a scroll of noise {unknown}
 j - 3 scrolls of remove curse
 n - a scroll of enchant weapon {unknown}
Comestibles
 a - a beef jerky
 b - 3 slices of pizza
 c - a bread ration
 f - 4 fruits
 g - 2 meat rations


   Skills:
 + Level 4.0(9.0) Fighting
 * Level 6.9(11.9) Axes
 + Level 1.8(6.8) Armour
 - Level 2.4(7.4) Dodging
 - Level 1.5(6.5) Stealth
 + Level 2.2 Invocations


You had 4 spell levels left.
You didn't know any spells.

Dungeon Overview and Level Annotations

Branches:
Dungeon (4/15)
 Temple: D:4-7

Altars:
Ashenzari
Kikubaaqudgha
Okawaru
Trog


Innate Abilities, Weirdness & Mutations

You have supernaturally acute eyesight. (SInv)
Armour fits poorly on your strangely shaped body.
You are frail. (-10% HP)


Message History

Found a stone staircase leading down.
An ogre comes into view. It is wielding a giant club.
The ogre shouts!
You are feeling hungry.
A leopard gecko comes into view.
The ogre hits you with a giant club!!
Your chain mail prevents you from hitting the ogre.
The ogre hits you with a giant club!
You slash the ogre!
The ogre is moderately wounded.
A scorpion comes into view.
You gain the combat prowess of a mighty hero.
The ogre hits you with a giant club!
* * * LOW HITPOINT WARNING * * *
You feel much better. The ogre hits you with a giant club!
You hit the ogre.
The ogre is moderately wounded.
The ogre hits you with a giant club!!
Ouch! That really hurt!
You die...

........# ####.###
#....[.. #.##.##.
#.##.#.. #.##.#.=
#.##.#..
#.#############.##.#..
#s.lO@..........##.###
....>############.##.#
# #.# #.# # ### # ##.
# #... # #..# # #.#..#
# #.#..# #


You could see an ogre, a scorpion and a leopard gecko.

Vanquished Creatures
  Natasha (D:4)
  A worker ant (D:4)
  The ghost of Monsterracer the Chopper, a weakling HOMo (D:4)
  2 adders
  An ooze (D:4)
  2 worms (D:3)
  3 dart slugs
  3 leopard geckos
  An orc (D:3)
  7 giant cockroaches
  9 goblins
  6 hobgoblins
  8 jackals
  3 quokkas
  10 bats
  3 frilled lizards
  7 kobolds
  7 rats
75 creatures vanquished.

Notes
Turn   | Place    | Note
-------+----------+-------------------------------------------
     0 | D:1      | Monsterracer the Hill Orc Monk began the quest for the Orb.
     0 | D:1      | Reached XP level 1. HP: 19/19 MP: 1/1
   319 | D:1      | Reached XP level 2. HP: 26/26 MP: 2/2
   474 | D:1      | Reached skill level 5 in Axes
   671 | D:1      | Reached XP level 3. HP: 26/31 MP: 3/3
  1252 | D:2      | Reached skill level 6 in Axes
  1490 | D:2      | Gained mutation: You are frail. (-10% HP) [potion of mutation]
  1490 | D:2      | Gained mutation: You have supernaturally acute eyesight. (SInv) [potion of mutation]
  1490 | D:2      | Gained mutation: Armour fits poorly on your strangely shaped body. [potion of mutation]
  1505 | D:2      | Found a shattered altar of Ashenzari.
  1680 | D:2      | Found an iron altar of Okawaru.
  1706 | D:2      | Reached XP level 4. HP: 25/35 MP: 4/4
  1715 | D:2      | Became a worshipper of Warmaster Okawaru
  1715 | D:2      | Reached * piety under Okawaru
  1715 | D:2      | Reached ** piety under Okawaru
  2577 | D:3      | Reached skill level 1 in Armour
  2608 | D:3      | Reached skill level 1 in Invocations
  2679 | D:3      | Found a bloodstained altar of Trog.
  2915 | D:3      | Found an ancient bone altar of Kikubaaqudgha.
  3194 | D:4      | Reached XP level 5. HP: 20/41 MP: 6/6
  3308 | D:4      | Noticed Monsterracer's ghost (weakling HOMo)
  3311 | D:4      | Noticed Natasha
  3316 | D:4      | Killed Monsterracer's ghost
  3322 | D:4      | Killed Natasha
  3448 | D:4      | Noticed an ogre
  3456 | D:4      | Slain by an ogre

Skill      XL: |  1  2  3  4  5 |
---------------+----------------+-----
Axes           | 5 6 |  6.9
Armour         | 1 |  1.8
Invocations    | 1 2 |  2.2
Fighting       | 4 |  4.0
Dodging        | |  2.4
Stealth        | |  1.5

Action                   |  1- 3 |  4- 6 || total
-------------------------+-------+-------++-------
Melee: Hand axe          |   189 |    28 ||   217
       War axe           |       |   115 ||   115
       Punch             |       |     1 ||     1
Invok: Heroism           |       |     4 ||     4
  Use: Potion            |     3 |     3 ||     6
       Scroll            |       |     2 ||     2
 Stab: Sleeping          |     2 |       ||     2
  Eat: Chunk             |     2 |     6 ||     8
Armor: Leather armour    |    12 |       ||    12
       Robe              |     2 |       ||     2
       Chain mail        |   101 |    81 ||   182
Dodge: Dodged            |    83 |    59 ||   142
